 Dungeon Crawl Stone Soup version 0.29.1-12-g30fa7ad0bf (webtiles) character file.

Game seed: 14110289601951185576

261 croobank the Sneak (level 5, -6/42 HPs)
             Began as a Demonspawn Delver on Jan 4, 2023.
             Was an Initiate of Gozag.
             Mangled by an iguana (8 damage)
             ... on level 4 of the Dungeon.
             The game lasted 00:19:10 (4041 turns).

croobank the Sneak (Demonspawn Delver)              Turns: 4041, Time: 00:19:10

Health: -6/42      AC:  4    Str: 13    XL:     5   Next: 96%
Magic:  5/5        EV: 12    Int: 13    God:    Gozag
Gold:   147        SH:  0    Dex: 14    Spells: 4/4 levels left

rFire   . . .      SeeInvis +   a - +1 hand axe
rCold   . . .      Faith    .   (no shield)
rNeg    . . .      Spirit   .   b - +0 leather armour
rPois   .          Reflect  .   t - +0 helmet
rElec   .          Harm     .   (no cloak)
rCorr   .          Rampage  .   (no gloves)
Will    .....                   (no boots)
Stlth   +++.......              (no amulet)
HPRegen 0.14/turn               h - ring of see invisible
MPRegen 0.09/turn               (no ring)

@: no status effects
A: hooves 1, powered by death 1
a: Renounce Religion, Potion Petition, Call Merchant, Bribe Branch


You were on level 4 of the Dungeon.
You worshipped Gozag.
Gozag was aware of your devotion.
You visited 2 branches of the dungeon, and saw 7 of its levels.
You also visited: Sewer.

You collected 289 gold pieces.
You paid 142 gold pieces to Gozag.

Inventory:

Hand Weapons
 a - a +1 hand axe (weapon)
 f - a +0 long sword
 j - a +0 sling
 l - a +0 dagger
 s - a +0 falchion
Armour
 b - a +0 leather armour (worn)
 n - a +0 ring mail
 t - a +0 helmet (worn)
Jewellery
 h - a ring of see invisible (left hand)
Wands
 g - a wand of digging (3)
Scrolls
 c - a scroll of fog
 e - 7 scrolls of teleportation
 i - 2 scrolls of immolation
 k - a scroll of magic mapping
 m - a scroll of poison {unknown}
 o - a scroll of amnesia
Potions
 d - 4 potions of flight
 p - a potion of attraction
 q - 2 potions of cancellation


   Skills:
 + Level 4.2 Fighting
 + Level 3.2 Axes
 + Level 3.2 Dodging
 + Level 5.3 Stealth


You had 4 spell levels left.
You didn't know any spells.
Your spell library contained the following spells:

 Spells                   Type           Power      Damage    Failure   Level
 Beastly Appendage        Tmut           0%         N/A       36%         1
 Wereblood                Tmut           0%         N/A       52%         2
 Spider Form              Tmut/Pois      0%         N/A       75%         3


Dungeon Overview and Level Annotations

Branches:
Dungeon (6/15)             Temple (1/1) D:4           Sewer (visited)

Altars:
Cheibriados
Dithmenos
Fedhas
Gozag
Hepliaklqana
Kikubaaqudgha
Makhleb
Qazlal
Ru
Sif Muna
Uskayaw
Vehumet
Wu Jian

Shops:
D:1 *   D:6 *

Annotations:
D:2 Sigmund
D:4 Grinder


Innate Abilities, Weirdness & Mutations

You have large cloven feet.
You regenerate a little health from kills.


Message History

An iguana comes into view.
There is an open door here.
The helpless iguana fails to defend itself.
You hit the iguana. You kick the iguana.
The iguana is lightly wounded.
The iguana bites you.
You hit the iguana.
The iguana is heavily wounded.
The iguana bites you!
You hit the iguana but do no damage.
The iguana is heavily wounded.
The iguana barely misses you. The iguana bites you!
You are too injured to fight recklessly!
You barely miss the iguana.
The iguana is heavily wounded.
The iguana bites you but does no damage.
You hit the iguana.
The iguana is heavily wounded.
The iguana bites you.
You hit the iguana but do no damage. Your kick misses the iguana.
The iguana is heavily wounded.
The iguana closely misses you.
Okay, then.
Okay, then.
You hit the iguana. You kick the iguana, but do no damage.
The iguana is severely wounded.
The iguana bites you.
* * * LOW HITPOINT WARNING * * *
You barely miss the iguana. You kick the iguana.
The iguana is almost dead.
The iguana bites you!
* * * LOW HITPOINT WARNING * * *
You hit the iguana but do no damage.
The iguana is almost dead.
The iguana closely misses you.
Okay, then.
It was a potion of magic.
Magic courses through your body. The iguana bites you!
You die...
Your body crumbles into a pile of gold.

#.. .####.. ..#....
....... ###+###
.......##.....#
#...!...#.###.#
........'.'>#.+
..#....#.###.#
###.@#.....#
.......l###'###########
#######.. #....<.......
##.############## ##


You could see an iguana.

Vanquished Creatures
  A merfolk siren (Sewer)
  A merfolk avatar (Sewer)
  Robin (D:3)
  4 gnolls (D:3)
  5 adders
  2 river rats
  A worm (D:4)
  A dart slug (D:4)
  An orc (D:4)
  7 bats
  12 endoplasms
  5 giant cockroaches
  6 goblins (D:3)
  7 hobgoblins
  6 kobolds
  2 quokkas
  12 ball pythons
  7 frilled lizards
  28 rats
109 creatures vanquished.

Notes
Turn   | Place    | Note
-------+----------+-------------------------------------------
     0 | D:5      | croobank the Demonspawn Delver began the quest for the Orb.
     0 | D:5      | Reached XP level 1. HP: 18/18 MP: 1/1
    68 | D:6      | Found Iwirug's Neck Hole.
   128 | D:4      | Gained mutation: You have large cloven feet. [demonic
                  | ancestry]
   128 | D:4      | Reached XP level 2. HP: 22/24 MP: 2/2
   268 | D:4      | HP: 1/24 [worm (9)]
   576 | D:4      | Found a glowing drain.
   594 | Sewer    | Entered a sewer
   667 | Sewer    | Gained mutation: You regenerate a little health from kills.
                  | [demonic ancestry]
   667 | Sewer    | Reached XP level 3. HP: 20/29 MP: 3/3
   842 | Sewer    | Noticed a sickly merfolk siren
   878 | Sewer    | Killed a sickly merfolk siren
   882 | Sewer    | Reached XP level 4. HP: 11/35 MP: 4/4
   991 | Sewer    | Reached skill level 5 in Stealth
  1070 | Sewer    | Noticed a malarious merfolk avatar
  1100 | Sewer    | Killed a malarious merfolk avatar
  1346 | D:4      | Noticed a scorpion
  1381 | D:4      | Noticed Grinder
  1401 | D:3      | Reached XP level 5. HP: 35/42 MP: 5/5
  1553 | D:3      | Noticed Robin
  1934 | D:1      | Found Vysuathe's Assorted Antiques.
  2246 | D:1      | Found a faded altar of an unknown god.
  2798 | D:2      | Noticed Sigmund
  3592 | D:3      | Killed Robin
  3883 | D:4      | Found a staircase to the Ecumenical Temple.
  3891 | Temple   | Entered the Ecumenical Temple
  3959 | Temple   | Became a worshipper of Gozag Ym Sagoz the Greedy
  4039 | D:4      | HP: 2/42 [iguana (8)]
  4041 | D:4      | Mangled by an iguana

Illustrated notes

Levels and vault maps discovered:
D:1:      beargit_arrival_greenhouse, layout_basic,
          hellmonk_ecumenical_altar_zigzags, serial_shops, shop_statue
D:2:      layout_basic, uniq_sigmund, uniq_natasha
D:3:      layout_rooms, minmay_misc_feat_cross, uniq_robin
D:4:      layout_rooms, trog_three_pillars_becter,
          minmay_temple_entry_glassed_door, gup_sewer_entry_bubbles, uniq_pikel,
          uniq_grinder, uniq_eustachio
D:5:      layout_layer_cave, amcnicky_altar_gilded
D:6:      layout_loops_ring, nicolae_shop_sticking_my_neck_out
Temple:   regret_index_temple_waves

Skill      XL: |  1  2  3  4  5 |
---------------+----------------+-----
Axes           | 2 3 |  3.2
Dodging        | 2 3 |  3.2
Stealth        | 5 |  5.3
Fighting       | 4 |  4.2

Action                   |  1- 3 |  4- 6 || total
-------------------------+-------+-------++-------
Melee: Hand axe          |    79 |   220 ||   299
       Kick              |    16 |    49 ||    65
       Punch             |       |     2 ||     2
  Use: Scroll            |     5 |     3 ||     8
       Potion            |     2 |     3 ||     5
 Stab: Sleeping          |     3 |    14 ||    17
       Distracted        |       |     2 ||     2
Armor: Leather armour    |    21 |    55 ||    76
Dodge: Dodged            |    39 |   131 ||   170
